 Dungeon Crawl Stone Soup version 0.30-a0-672-gc3a7216ad8 (webtiles) character file.

Game seed: 12888656039155325066

666 Lobster4 the Chopper (level 7, 0/61 HPs)
             Began as a Hill Orc Fighter on Jan 18, 2023.
             Was a Follower of Makhleb.
             Slain by an orc warrior
             ... wielding a +0 short sword
              (7 damage)
             ... on level 5 of the Dungeon.
             The game lasted 00:11:46 (4933 turns).

Lobster4 the Chopper (Hill Orc Fighter)             Turns: 4933, Time: 00:11:47

Health: 0/61       AC: 10    Str: 21    XL:     7   Next: 57%
Magic:  8/8        EV: 10    Int:  8    God:    Makhleb [*.....]
Gold:   260        SH:  4    Dex: 10    Spells: 6/6 levels left

rFire   . . .      SeeInvis +    a - +0 war axe
rCold   . . .      Faith    .    c - +0 buckler
rNeg    . . .      Spirit   .    E - +2 ring mail {rPois}
rPois   +          Reflect  .    x - +1 helmet {SInv}
rElec   .          Harm     .    (no cloak)
rCorr   .          Rampage  .    (no gloves)
Will    .....                    (no boots) Stlth
                                 (no amulet)
HPRegen 0.30/turn                u - ring of see invisible
MPRegen 0.11/turn                (no ring)

@: no status effects
A: no striking features
a: Renounce Religion


You were on level 5 of the Dungeon.
You worshipped Makhleb.
Makhleb was aware of your devotion.
You visited 1 branch of the dungeon, and saw 6 of its levels.
You also visited: Ossuary.

You collected 521 gold pieces.
You spent 261 gold pieces at shops.

Inventory:

Hand Weapons
 a - a +0 war axe (weapon)
 n - a +0 sling
 o - a +0 battleaxe
Missiles
 v - a throwing net (quivered)
 z - 5 boomerangs
Armour
 c - a +0 buckler (worn)
 x - a +1 helmet of see invisible (worn)
 E - a +2 ring mail of poison resistance (worn)
Jewellery
 u - a ring of see invisible (left hand)
 D - a +6 ring of strength
Wands
 g - a wand of roots (4)
 q - a wand of flame (11)
Scrolls
 f - 3 scrolls of fear
 l - a scroll of enchant weapon {unknown}
 r - a scroll of summoning {unknown}
 s - 2 scrolls of teleportation {unknown}
 y - a scroll of immolation
 B - a scroll of torment {unknown}
 C - a scroll of magic mapping
Potions
 d - a potion of might
 h - a potion of berserk rage {unknown}
 i - 2 potions of invisibility
 j - 2 potions of haste
 k - 3 potions of mutation {unknown}
 m - 6 potions of curing
 p - 3 potions of heal wounds
 t - a potion of ambrosia
 w - a potion of brilliance
 A - a potion of cancellation {unknown}


   Skills:
 + Level 5.2 Fighting
 * Level 6.5 Axes
 + Level 1.4 Throwing
 + Level 4.9 Armour
 + Level 0.2 Dodging
 + Level 4.7 Shields
 + Level 2.2 Invocations
 + Level 1.5 Evocations


You had 6 spell levels left.
You didn't know any spells.
Your spell library contained the following spells:

 Spells                   Type           Power      Damage    Failure   Level
 Blink                    Tloc           0%         N/A       80%         2
 Lesser Beckoning         Tloc           0%         N/A       80%         2
 Momentum Strike          Conj/Tloc      0%         3d8       80%         2
 Passage of Golubria      Tloc           0%         N/A       100%        4
 Silence                  Hex/Air        0%         N/A       100%        5
 Lehudib's Crystal Spear  Conj/Erth      0%         10d2      100%        8


Dungeon Overview and Level Annotations

Branches:
Dungeon (6/15)            Ossuary (visited)
 Temple: D:4-7

Altars:
Dithmenos
Elyvilon
Fedhas
Makhleb
Nemelex Xobeh
Ru
Yredelemnul
The Shining One

Shops:
D:3 [*


Message History

You completely miss the orc warrior.
The orc warrior hits you but does no damage.
You closely miss the orc warrior.
The orc warrior is lightly wounded.
You block the orc warrior's attack.
You slash the orc warrior!
The orc warrior is moderately wounded.
The orc warrior hits you with a +0 short sword.
You block the orc warrior's attack.
You closely miss the orc warrior.
The orc warrior is moderately wounded.
The orc warrior hits you with a +0 short sword.
You slash the orc warrior!
The orc warrior is severely wounded.
The orc warrior barely misses you.
You hit the orc warrior.
The orc warrior is severely wounded.
You block the orc warrior's attack.
You hit the orc warrior but do no damage.
The orc warrior is severely wounded.
The orc warrior hits you with a +0 short sword.
* * * LOW HITPOINT WARNING * * *
You block the orc warrior's attack.
You barely miss the orc warrior.
The orc warrior is severely wounded.
You block the orc warrior's attack.
You hit the orc warrior but do no damage.
The orc warrior is severely wounded.
The orc warrior hits you with a +0 short sword.
* * * LOW HITPOINT WARNING * * *
You hit the orc warrior but do no damage.
The orc warrior is severely wounded.
The orc warrior hits you with a +0 short sword!
* * * LOW HITPOINT WARNING * * *
You closely miss the orc warrior.
The orc warrior is severely wounded.
The orc warrior hits you with a +0 short sword.
* * * LOW HITPOINT WARNING * * *
The orc warrior hits you with a +0 short sword!
You die...

##..##....##+##......#
##..##....#..........#######
##..#####+#............§...#
.+..#.................§§...#
.#..'................§§§...#
#####......####.......§§...#
#..........#..##'####§§§§..#
'....####+##...o†...#§§§...#
#....#..........@...#......#
#....#........##############
#....#........#......#....#
.....#######..'......#....#
...........##+#......##'####
...........................#
...........................#
###'#..........####+#......#
....#..........#....+......#


You could see an orc warrior.

Vanquished Creatures
  An ice beast (D:5)
  A necrophage (D:4)
  A howler monkey (D:4)
  A jelly (D:5)
  2 orc priests
  A hound (D:5)
  An iguana (D:5)
  An orc wizard (D:3)
  8 mummies (Ossuary)
  Robin (D:3)
  3 gnolls (D:3)
  5 adders
  2 worms
  15 orcs
  4 ball pythons
  8 bats
  4 endoplasms
  A giant cockroach (D:3)
  10 hobgoblins
  6 jackals
  6 kobolds
  7 quokkas
  5 frilled lizards
  2 gnoll zombies (Ossuary)
  11 goblins
  A hobgoblin zombie (Ossuary)
  3 kobold zombies (Ossuary)
  2 orc zombies (Ossuary)
  A rat (D:2)
114 creatures vanquished.

Vanquished Creatures (others)
  8 plants (D:3)
8 creatures vanquished.

Grand Total: 122 creatures vanquished

Notes
Turn   | Place    | Note
-------+----------+-------------------------------------------
     0 | D:1      | Lobster4 the Hill Orc Fighter began the quest for the Orb.
     0 | D:1      | Reached XP level 1. HP: 19/19 MP: 1/1
   131 | D:1      | Reached skill level 3 in Axes
   262 | D:1      | Reached XP level 2. HP: 27/27 MP: 2/2
   642 | D:1      | Reached XP level 3. HP: 4/33 MP: 3/3
   762 | D:2      | Reached skill level 4 in Axes
   869 | D:2      | Reached XP level 4. HP: 40/40 MP: 4/4
  1482 | D:2      | Found a basalt altar of Yredelemnul.
  1745 | D:3      | Found a blossoming altar of Fedhas.
  2058 | D:3      | Reached XP level 5. HP: 8/47 MP: 5/5
  2297 | D:3      | Found a burning altar of Makhleb.
  2297 | D:3      | Found a white marble altar of Elyvilon.
  2391 | D:3      | Found Buzxast's Antique Armour Emporium.
  2393 | D:3      | Found a shadowy altar of Dithmenos.
  2399 | D:3      | Reached skill level 5 in Axes
  2556 | D:3      | Bought a glowing helmet for 135 gold pieces
  2568 | D:3      | Noticed Robin
  2590 | D:3      | Killed Robin
  2679 | D:3      | Found Cuenuip's Assorted Antiques.
  2769 | D:3      | Found a glowing golden altar of the Shining One.
  2922 | D:3      | Became a worshipper of Makhleb the Destroyer
  2973 | D:4      | Found a sacrificial altar of Ru.
  3150 | D:4      | Reached XP level 6. HP: 44/53 MP: 6/6
  3470 | D:4      | Reached skill level 1 in Invocations
  3560 | D:5      | Entered Level 5 of the Dungeon
  3736 | D:5      | Found a sand-covered staircase.
  3741 | Ossuary  | Entered an ossuary
  3761 | Ossuary  | Reached skill level 1 in Evocations
  3775 | Ossuary  | Reached skill level 1 in Throwing
  3875 | Ossuary  | Reached skill level 6 in Axes
  3941 | Ossuary  | Reached * piety under Makhleb
  3942 | Ossuary  | Reached XP level 7. HP: 45/60 MP: 8/8
  4163 | D:5      | Reached skill level 5 in Fighting
  4824 | D:3      | Bought a shiny ring mail for 126 gold pieces
  4908 | D:6      | Found a sparkling altar of Nemelex Xobeh.
  4933 | D:5      | Slain by an orc warrior

Illustrated notes

Levels and vault maps discovered:
D:1:      spicycebolla_arrival_ecumenical, layout_loops_ring
D:2:      layout_basic, basic_altar, minmay_pentomino_r2
D:3:      layout_loops_corners, gammafunk_temple_overflow_pools,
          lemuel_coloured_pillars_altar, mainiacjoe_overflow_large_starburst,
          serial_shops, shop, nicolae_shop_overgrown_old_shop,
          serial_bayou_pond_d, uniq_robin
D:4:      layout_basic, mainiacjoe_overflow_alcove_2
D:5:      wander_river, layout_gridville, enter_ossuary_2
D:6:      layout_loops_cross, lemuel_crystal_altar,
          nicolae_overflow_crystal_walls, nicolae_uskayaw_dance_hall,
          temple_hall

Skill      XL: |  1  2  3  4  5  6  7 |
---------------+----------------------+-----
Axes           | 3 4 5 6 |  6.5
Fighting       | 4 5 |  5.2
Armour         | 4 |  4.9
Shields        | 4 |  4.7
Invocations    | 1 2 |  2.2
Evocations     | 1 |  1.5
Throwing       | 1 |  1.4
Dodging        | |  0.2

Action                   |  1- 3 |  4- 6 |  7- 9 || total
-------------------------+-------+-------+-------++-------
Melee: War axe           |    65 |   200 |    64 ||   329
Evoke: Wand              |       |     9 |       ||     9
  Use: Scroll            |       |    13 |     1 ||    14
       Potion            |       |     1 |     1 ||     2
Armor: Scale mail        |    32 |    99 |    21 ||   152
       Ring mail         |       |       |     5 ||     5
Dodge: Dodged            |    34 |    86 |    28 ||   148
Block: Buckler           |     8 |    44 |    14 ||    66

Table legend: (Time is in decaauts)
 A = Elapsed time spent in this place.
 B = Non-inter-level travel time spent in this place.
 C = Inter-level travel time spent in this place.
 D = Time resting spent in this place.
 E = Time spent auto-exploring this place.
 F = Levels seen in this place.
 G = Mean time per level.
                   A        B        C        D        E       F      G
               +--------+--------+--------+--------+--------+-----+--------+
         Total |   5044 |   4696 |    348 |    625 |   3181 |   7 |  720.6 |
       Dungeon |   4622 |   4274 |    348 |    485 |   2996 |   6 |  770.3 |
       Ossuary |    421 |    421 |      0 |    140 |    185 |   1 |  421.0 |
               +--------+--------+--------+--------+--------+-----+--------+

Top non-repeatable levels by time:
     D:3: 1371 daAuts
     D:2: 964 daAuts
     D:5: 860 daAuts
     D:1: 764 daAuts
     D:4: 659 daAuts
 Ossuary: 421 daAuts
     D:6: 3 daAuts
